 Dungeon Crawl Stone Soup version 0.20-a0-820-g557356e (webtiles) character file.

140866 Gorglomux the Brawler (level 16, 0/158 HPs)
             Began as a Troll Wanderer on Mar 4, 2017.
             Was a High Priest of Okawaru.
             Shot with a bolt by a naga sharpshooter (21 damage)
             ... on level 2 of the Snake Pit on Mar 5, 2017.
             The game lasted 01:12:06 (25913 turns).

Gorglomux the Brawler (Troll Wanderer)             Turns: 25913, Time: 01:12:08

Health: 0/158      AC: 12    Str: 24    XL:     16   Next: 76%
Magic:  16/21      EV: 16    Int:  9    God:    Okawaru [*****.]
Gold:   1446       SH: 20    Dex: 13    Spells: 15/15 levels left

rFire    + . .     SeeInvis .     - Unarmed
rCold    + . .     Gourm    +   Z - +3 troll leather armour
rNeg     . . .     Faith    +   d - +2 large shield
rPois    +         Spirit   .   t - +2 hat
rElec    .         Reflect  .   u - scarf {rC+ rF+} {god gift}
rCorr    .         Harm     .   (gloves unavailable)
MR       +....                  (boots unavailable)
Stlth    +.........             Q - amulet of faith
Regen    1.2/turn               e - +4 ring of evasion
MPRegen  0.2/turn               o - ring of poison resistance

@: lethally poisoned (0 -> -4), finesse
A: unfitting armour, claws 3, fast metabolism 3, gourmand, regeneration 1,
shaggy fur 1, tough skin 2
a: Heroism, Finesse, Renounce Religion


You were on level 2 of the Snake Pit.
You worshipped Okawaru.
Okawaru was extremely pleased with you.
You were not hungry.

You visited 4 branches of the dungeon, and saw 26 of its levels.
You also visited: Ice Cave.

You collected 2215 gold pieces.
You spent 769 gold pieces at shops.

Inventory:

Hand Weapons
 a - the +3 sling "Punk" {god gift, acid, rCorr}
   (Okawaru gifted it to you on level 10 of the Dungeon)

   It protects you from acid and corrosion.
Missiles
 i - 21 large rocks (quivered)
 k - 290 stones
 l - 214 sling bullets
Armour
 d - a +2 large shield (worn)
 t - a +2 hat (worn)
 u - a scarf of resistance (worn) {god gift}
 R - +0 fire dragon scales
 Z - a +3 troll leather armour (worn)
Jewellery
 e - a +4 ring of evasion (right claw)
 o - a ring of poison resistance (left claw)
 r - an uncursed amulet of regeneration
 y - the ring of Sloth {Ice rElec Str+3 Dex-2 Stlth+}
   (You found it on level 4 of the Lair of Beasts)

   [ring of ice]

   It enhances your ice magic.
   It affects your strength (+3).
   It affects your dexterity (-2).
   It makes you vulnerable to fire.
   It protects you from cold.
   It insulates you from electricity.
   It makes you more stealthy.
 Q - an amulet of faith (around neck)
Wands
 c - a wand of acid (8/15)
 D - a wand of digging (9/24)
 E - a wand of enslavement (5/24)
 I - a wand of iceblast (7/15)
 J - a wand of acid (5/15)
 O - a wand of clouds (3/9)
 P - a wand of paralysis (11/24)
Scrolls
 h - a scroll of silence
 m - a scroll of immolation
 q - 3 scrolls of fear
 z - a scroll of holy word
 M - 5 scrolls of magic mapping
 S - 13 scrolls of remove curse
 T - 8 scrolls of teleportation
 W - 3 scrolls of fog
 X - 4 scrolls of recharging
Potions
 j - 3 potions of resistance
 p - 6 potions of mutation
 s - a potion of cancellation
 v - 5 potions of curing
 B - 2 potions of ambrosia
 C - 9 potions of agility
 H - 5 potions of haste
 K - 2 potions of might
 N - 5 potions of flight
Miscellaneous
 L - a fan of gales
 U - a box of beasts
 Y - a lamp of fire
Comestibles
 f - 17 bread rations
 A - 19 royal jellies
 G - 19 fruits
 V - 13 meat rations


   Skills:
 - Level 10.0 Fighting
   Level 1.7 Long Blades
   Level 1.0 Maces & Flails
 - Level 5.0(7.0) Slings
 - Level 9.8(10.6) Throwing
 - Level 5.0 Armour
 - Level 8.2 Dodging
 - Level 1.0 Stealth
 + Level 10.8 Shields
 + Level 16.9 Unarmed Combat
 - Level 8.1 Invocations


You had 15 spell levels left.
You didn't know any spells.

Dungeon Overview and Level Annotations

Branches:
Dungeon (15/15)            Temple (0/1) D:7            Lair (6/6) D:11
 Shoals (0/4) Lair:3        Snake (3/4) Lair:2        Slime (0/5) Lair:5
    Orc (2/2) D:10            Elf (0/3) Orc:2        Vaults (0/5) D:14
 Depths (0/5) D:15

Altars:
Cheibriados
Dithmenos
Elyvilon
Fedhas
Okawaru
Qazlal
Ru
Trog
Uskayaw
Wu Jian
Xom
Yredelemnul
The Shining One
Beogh
Jiyva

Shops:
D:9 !   Orc:2 :?(*   Snake:1 :

Annotations:
D:9 exclusion: oklob plant


Innate Abilities, Weirdness & Mutations

You are too large for most types of armour.
You have claws for hands.
Your metabolism is lightning-fast.
You like to eat raw meat.
Your natural rate of healing is unusually fast.
You are covered in fur. (AC +1)
You have very tough skin. (AC +2)


Message History

You barely miss the naga.
You feel sick. The black mamba bites you.
* * * LOW HITPOINT WARNING * * *
The naga sharpshooter gestures wildly while chanting.
The naga sharpshooter magically shoots a bolt.
The bolt hits you!!
* * * LOW HITPOINT WARNING * * *
You scratch the naga.
The naga is lightly wounded.
You feel sick. You block the black mamba's attack.
You closely miss the naga.
The naga is lightly wounded.
You feel sick. The naga hits you but does no damage.
You block the naga's attack.
You closely miss the naga.
The naga is lightly wounded.
You feel sick. You block the black mamba's attack.
The naga sharpshooter casts a spell.
The naga sharpshooter magically shoots a bolt.
The bolt hits you!!
You die...

#..#...## ##..##
#..# # #...##.##
##...# #..#
####...##..# #...##
#.)# .##..#...#.#
##[.## #...
......##...# ##..##
##..
....#.##.(#####).##
#..
..###...#..(#....#
##. .##
###....[.....# #.
.# ##.......N@## ##
.## ##...[.NS(.# #
..# ##).####†..# #
..## ##..## #...# #
#..####..## #.[.#
## #...#...## #...#
#######. ##.....##
##..## ####.......
#....## #..##
##[[).......
##....## #..#
#.(..#######


You could see a naga sharpshooter, a black mamba and a naga.

Vanquished Creatures
  Rupert (D:12)
  2 nagarajas (Snake:2)
  An orc warlord (Orc:2)
  A dire elephant (D:15)
  Snorg (D:12)
  2 blizzard demons (IceCv)
  A fire dragon (Lair:6)
  A yaktaur captain (D:14)
  Harold (Lair:1)
  2 ogre magi (Orc:2)
  4 vault guards (D:14)
  3 centaur warriors
  2 naga warriors (Snake:2)
  13 anacondas
  A catoblepas (Lair:3)
  7 hydras
  The ghost of kae the Carver, a novice MiFi of Wu Jian (D:8)
  13 two-headed ogres
  A tengu warrior (D:13)
  2 death knights (D:15)
  3 death yaks (D:11)
  3 shock serpents
  4 naga sharpshooters (Snake:2)
  8 skeletal warriors
  4 unseen horrors
  2 sea snakes (Snake:1)
  3 naga ritualists
  2 deep trolls (Orc:2)
  A wizard (D:15)
  A swamp dragon (Lair:6)
  The ghost of Gorglomux the Grappler, a novice TrWn of Okawaru (D:6)
  11 mana vipers
  An orc sorcerer (Orc:1)
  2 deep elf magi
  A wolf spider (D:15)
  A mana viper (shapeshifter) (D:14)
  10 ugly things
  3 salamanders
  5 cyclopes
  A manticore (D:15)
  8 elephants
  2 naga magi (Snake:2)
  29 black mambas
  4 guardian serpents
  3 ice statues (IceCv)
  A torpor snail (Lair:4)
  3 rime drakes
  9 spiny frogs
  4 freezing wraiths
  An efreet (D:14)
  4 komodo dragons
  A golden dragon simulacrum (IceCv)
  2 anaconda simulacra (IceCv)
  A kobold demonologist (D:15)
  9 ice devils (IceCv)
  11 trolls
  A queen bee (D:14)
  2 hornets
  3 meliai (D:14)
  2 polar bears
  4 slime creatures
  10 blink frogs
  5 dream sheep (Lair:6)
  A meliai zombie (D:14)
  6 hippogriffs
  A spriggan (D:7)
  2 vampires
  2 shadows
  4 wraiths
  3 wyverns
  43 yaks
  6 basilisks
  2 hungry ghosts
  5 steam dragons
  13 vampire mosquitoes
  An iron troll simulacrum (IceCv)
  5 wargs
  3 harpy simulacra (IceCv)
  2 acid dragons
  3 hydra simulacra (IceCv)
  18 nagas
  20 water moccasins
  Duvessa (D:6)
  9 porcupines
  18 orc warriors
  2 sky beasts
  A swamp drake (Lair:6)
  A black bear (Lair:1)
  4 wolves (Lair:1)
  3 phantoms (D:10)
  A hornet zombie (D:9)
  An ice beast (D:15)
  24 ogres
  3 necrophages
  14 centaurs
  14 crocodiles
  A big kobold (D:15)
  23 bullfrogs
  A wyvern zombie (D:11)
  A wyvern skeleton (D:10)
  Dowan (D:6)
  3 scorpions
  4 troll zombies
  A water moccasin skeleton (D:6)
  31 killer bees
  9 wights
  8 howler monkeys
  An electric eel (Snake:1)
  9 crimson imps
  2 quasits
  3 human zombies (D:8)
  6 centaur zombies
  4 jellies
  2 bullfrog zombies
  14 orc priests
  4 hounds
  3 iguanas
  25 orc wizards
  3 centaur skeletons
  7 worker ants
  2 human skeletons (D:8)
  A killer bee zombie (D:7)
  3 ogre zombies (D:10)
  A hound zombie (D:11)
  2 hound skeletons
  A mummy (D:8)
  A worker ant zombie (D:7)
  A howler monkey zombie (D:5)
  14 gnolls
  20 adders
  2 river rats (D:11)
  An ooze (D:3)
  2 adder zombies
  An adder skeleton (D:7)
  4 dart slugs
  7 worms
  6 leopard geckos
  69 orcs
  4 ball pythons
  8 bats
  6 giant cockroaches
  11 goblins
  6 hobgoblins
  7 jackals
  11 kobolds
  7 quokkas
  5 frilled lizards
  A goblin skeleton (D:10)
  2 goblin zombies (D:10)
  3 hobgoblin zombies (D:10)
  An orc skeleton (D:10)
  13 orc zombies
  A quokka skeleton (D:4)
  A quokka zombie (D:8)
  12 rats
  A plant (Lair:6)
886 creatures vanquished.

Vanquished Creatures (others)
  An ugly thing (D:14)
  A bush (Lair:2)
  10 fungi
  23 plants
35 creatures vanquished.

Grand Total: 921 creatures vanquished

Notes
Turn   | Place    | Note
-------+----------+-------------------------------------------
     0 | D:1      | Gorglomux the Troll Wanderer began the quest for the Orb.
     0 | D:1      | Gorglomux set off with: a +2 falchion, a potion of lignification, a +0 robe, 2 bread rations, a scroll of teleportation
     0 | D:1      | Reached XP level 1. HP: 22/22 MP: 0/0
   107 | D:1      | Reached skill level 1 in Unarmed Combat
   147 | D:1      | Reached XP level 2. HP: 25/29 MP: 1/1
   263 | D:1      | Reached skill level 2 in Unarmed Combat
   353 | D:1      | Reached XP level 3. HP: 35/36 MP: 2/2
   944 | D:1      | Reached skill level 3 in Unarmed Combat
   960 | D:1      | Reached XP level 4. HP: 21/44 MP: 3/3
  1057 | D:2      | Reached skill level 4 in Unarmed Combat
  1194 | D:2      | Found a bloodstained altar of Trog.
  1574 | D:3      | Reached XP level 5. HP: 50/50 MP: 4/4
  1687 | D:3      | Reached skill level 5 in Unarmed Combat
  1859 | D:3      | Found a snail-covered altar of Cheibriados.
  2359 | D:4      | Noticed an ogre
  2364 | D:4      | Killed an ogre
  2364 | D:4      | Reached skill level 6 in Unarmed Combat
  2364 | D:4      | Reached XP level 6. HP: 59/59 MP: 5/5
  2429 | D:4      | Reached skill level 7 in Unarmed Combat
  2430 | D:4      | Reached XP level 7. HP: 66/66 MP: 6/6
  2507 | D:4      | You fall through a shaft for 3 floors!
  2533 | D:7      | Found a glowing golden altar of the Shining One.
  2593 | D:5      | Entered Level 5 of the Dungeon
  2739 | D:4      | Reached skill level 8 in Unarmed Combat
  3551 | D:5      | Found an iron altar of Okawaru.
  3762 | D:5      | Became a worshipper of Warmaster Okawaru
  4129 | D:6      | Reached skill level 9 in Unarmed Combat
  4148 | D:6      | Noticed Duvessa
  4148 | D:6      | Noticed Dowan
  4163 | D:6      | Reached XP level 8. HP: 61/74 MP: 7/7
  4170 | D:6      | Killed Duvessa
  4170 | D:6      | Reached * piety under Okawaru
  4175 | D:6      | Killed Dowan
  4208 | D:6      | Reached skill level 10 in Unarmed Combat
  4552 | D:6      | Reached skill level 11 in Unarmed Combat
  4620 | D:6      | Found a shadowy altar of Dithmenos.
  4697 | D:6      | Reached ** piety under Okawaru
  4737 | D:6      | Noticed Gorglomux's ghost (novice TrWn)
  4753 | D:6      | Killed Gorglomux's ghost
  4753 | D:6      | Reached XP level 9. HP: 62/80 MP: 8/8
  4939 | D:6      | Reached skill level 12 in Unarmed Combat
  5075 | D:7      | Found a hide-covered altar of Uskayaw.
  5141 | D:7      | Reached skill level 3 in Fighting
  5207 | D:7      | Found a staircase to the Ecumenical Temple.
  5283 | D:7      | Reached *** piety under Okawaru
  5798 | D:8      | Noticed kae's ghost (novice MiFi)
  5811 | D:8      | Killed kae's ghost
  5811 | D:8      | Reached skill level 6 in Fighting
  5890 | D:8      | Reached XP level 10. HP: 98/100 MP: 9/9
  5929 | D:8      | Reached **** piety under Okawaru
  5938 | D:8      | Found a basalt altar of Yredelemnul.
  6114 | D:8      | Found an iron altar of Okawaru.
  6442 | D:8      | Found a stormy altar of Qazlal.
  6469 | D:8      | Found a white marble altar of Elyvilon.
  6817 | D:9      | Noticed a guardian serpent
  6825 | D:9      | Killed a guardian serpent
  6955 | D:9      | Found an ornate altar of the Wu Jian Council.
  7032 | D:9      | Found a blossoming altar of Fedhas.
  7043 | D:9      | Noticed an oklob plant
  7123 | D:9      | Found Goyrch's Distillery.
  7131 | D:9      | Bought a potion of magic for 96 gold pieces
  7131 | D:9      | Bought a potion of mutation for 96 gold pieces
  7131 | D:9      | Bought a potion of brilliance for 48 gold pieces
  7131 | D:9      | Bought a potion of agility for 48 gold pieces
  7131 | D:9      | Bought a potion of curing for 36 gold pieces
  7131 | D:9      | Bought a potion of curing for 36 gold pieces
  7131 | D:9      | Bought a potion of curing for 36 gold pieces
  7131 | D:9      | Bought a potion of haste for 120 gold pieces
  7290 | D:9      | Noticed a two-headed ogre
  7338 | D:9      | Killed a two-headed ogre
  7338 | D:9      | Reached skill level 9 in Fighting
  7620 | D:10     | Entered Level 10 of the Dungeon
  7811 | D:10     | Found a staircase to the Orcish Mines.
  7827 | D:10     | Received a gift from Okawaru
  8085 | D:10     | Reached ***** piety under Okawaru
  8124 | D:10     | Received a gift from Okawaru
  8124 | D:10     | Reached skill level 3 in Throwing
  8124 | D:10     | Reached XP level 11. HP: 116/117 MP: 10/10
  8302 | D:10     | Reached skill level 1 in Armour
  8316 | D:10     | Noticed a two-headed ogre
  8342 | D:10     | Killed a two-headed ogre
  8342 | D:10     | Received a gift from Okawaru
  8780 | D:10     | Noticed a red ugly thing
  8788 | D:10     | Killed a red ugly thing
  9110 | D:11     | Noticed a death yak
  9114 | D:11     | Found a staircase to the Lair.
  9114 | D:11     | Noticed a death yak
  9114 | D:11     | Noticed a death yak
  9118 | D:11     | Killed a death yak
  9287 | D:11     | Noticed a white ugly thing
  9296 | D:11     | Killed a white ugly thing
  9469 | D:11     | Reached skill level 3 in Armour
  9469 | D:11     | Reached skill level 3 in Dodging
  9653 | D:11     | Paralysed by a hornet for 1 turns
  9758 | D:11     | Killed a death yak
  9758 | D:11     | Received a gift from Okawaru
  9762 | D:11     | Killed a death yak
  9878 | D:11     | You fall through a shaft for 3 floors!
  9886 | D:14     | Noticed a deep elf mage
  9894 | D:14     | Killed a deep elf mage
  9930 | D:13     | Noticed a skeletal warrior
  9930 | D:13     | Noticed a skeletal warrior
  9930 | D:13     | Noticed a skeletal warrior
  9930 | D:13     | Noticed a skeletal warrior
  9930 | D:13     | Noticed a skeletal warrior
  9947 | D:14     | Killed a skeletal warrior
  9947 | D:14     | Reached skill level 6 in Throwing
  9985 | D:14     | Reached XP level 12. HP: 45/126 MP: 7/11
 10043 | D:14     | Noticed a yaktaur captain
 10046 | D:14     | Noticed a two-headed ogre
 10053 | D:14     | Killed a two-headed ogre
 10056 | D:14     | Killed a yaktaur captain
 10352 | D:12     | Noticed Rupert
 10449 | D:12     | Killed Rupert
 10449 | D:12     | Received a gift from Okawaru
 10473 | D:12     | Reached skill level 6 in Dodging
 10813 | D:12     | Noticed Snorg
 10832 | D:12     | Killed Snorg
 11475 | Lair:1   | Entered Level 1 of the Lair of Beasts
 11759 | Lair:1   | Found a shimmering altar of Xom.
 11763 | Lair:1   | Noticed a six-headed hydra
 11772 | Lair:1   | Killed a six-headed hydra
 11772 | Lair:1   | Reached ****** piety under Okawaru
 11772 | Lair:1   | Reached skill level 1 in Slings
 11840 | Lair:1   | Received a gift from Okawaru
 12006 | Lair:1   | Reached skill level 9 in Throwing
 12247 | Lair:2   | Found a staircase to the Snake Pit.
 12247 | Lair:2   | Noticed Harold
 12259 | Lair:1   | Killed Harold
 12259 | Lair:1   | Reached XP level 13. HP: 87/133 MP: 12/12
 12357 | Lair:2   | Reached skill level 1 in Invocations
 13660 | Lair:3   | Found a staircase to the Shoals.
 13682 | Lair:3   | Reached skill level 3 in Invocations
 13735 | Lair:3   | Received a gift from Okawaru
 14414 | Lair:4   | Received a gift from Okawaru
 14598 | Lair:4   | Received a gift from Okawaru
 14610 | Lair:4   | Got a wavering platinum ring
 14613 | Lair:4   | Identified the ring of Sloth {Ice rElec Str+3 Dex-2 Stlth+} (You found it on level 4 of the Lair of Beasts)
 14864 | Lair:4   | Reached skill level 3 in Slings
 14869 | Lair:4   | Received a gift from Okawaru
 15474 | Lair:5   | Reached skill level 1 in Shields
 15980 | Lair:5   | Found a viscous altar of Jiyva.
 15981 | Lair:5   | Found a staircase to the Slime Pits.
 16047 | Lair:6   | Entered Level 6 of the Lair of Beasts
 16166 | Lair:6   | Reached XP level 14. HP: 125/143 MP: 16/16
 16234 | Lair:6   | Got a faintly glowing leather armour
 16469 | Lair:6   | Received a gift from Okawaru
 16697 | Lair:6   | Reached skill level 3 in Shields
 16697 | Lair:6   | Reached skill level 13 in Unarmed Combat
 17153 | Lair:6   | Reached skill level 6 in Invocations
 17597 | D:13     | Received a gift from Okawaru
 18162 | D:14     | Received a gift from Okawaru
 18273 | D:14     | Found a gate to the Vaults.
 18468 | D:14     | Received a gift from Okawaru
 18768 | D:14     | Received a gift from Okawaru
 18953 | D:14     | Reached XP level 15. HP: 91/149 MP: 19/19
 19046 | D:15     | Entered Level 15 of the Dungeon
 19211 | D:15     | Found a sacrificial altar of Ru.
 19242 | D:15     | Paralysed by a wizard for 7 turns
 19248 | D:15     | HP: 1/149 [death knight/enchanted halberd (19)]
 19493 | D:14     | Received a gift from Okawaru
 19493 | D:14     | Reached skill level 14 in Unarmed Combat
 19618 | D:15     | Reached skill level 6 in Shields
 20197 | D:15     | Received a gift from Okawaru
 20200 | D:15     | Got a slimy triple sword {god gift}
 20202 | D:15     | Identified the +6 triple sword "Dafrop" {god gift, venom, -Tele Str+6 Dex+4} (Okawaru gifted it to you on level 15 of the Dungeon)
 20208 | D:15     | Found a staircase to the Depths.
 20466 | Orc:1    | Entered Level 1 of the Orcish Mines
 20469 | Orc:1    | Paralysed by an orc sorcerer for 3 turns
 20724 | Orc:2    | Entered Level 2 of the Orcish Mines
 21099 | Orc:2    | Noticed an orc warlord
 21111 | Orc:2    | Killed an orc warlord
 21240 | Orc:2    | Found a staircase to the Elven Halls.
 21403 | Orc:2    | Found Fireom's Book Emporium.
 21472 | Orc:2    | Received a gift from Okawaru
 21501 | Orc:2    | Received a gift from Okawaru
 21505 | Orc:2    | Reached skill level 15 in Unarmed Combat
 21737 | Orc:2    | Found Vepuaff's Antique Weapon Emporium.
 21751 | Orc:2    | Found Ogistom's Assorted Antiques.
 21760 | Orc:2    | Found Hep Egh's Magic Scroll Shoppe.
 21765 | Orc:2    | Bought an amethyst potion for 21 gold pieces
 21770 | Orc:2    | Found a roughly hewn altar of Beogh.
 21794 | Orc:2    | Bought a scroll of identify for 30 gold pieces
 21794 | Orc:2    | Bought a scroll of torment for 112 gold pieces
 21794 | Orc:2    | Bought 2 scrolls of teleportation for 90 gold pieces
 22101 | Snake:1  | Entered Level 1 of the Snake Pit
 22273 | Snake:1  | Found Kagrouxi's Book Shoppe.
 22283 | Snake:1  | Found Heum's Antique Weapon Shoppe.
 22778 | Snake:1  | Found a runed gate.
 22778 | Snake:1  | Found a runed gate.
 22778 | Snake:1  | Found a runed gate.
 22993 | Snake:1  | Reached XP level 16. HP: 100/158 MP: 21/21
 23233 | Snake:1  | Reached skill level 9 in Shields
 23235 | Snake:1  | Received a gift from Okawaru
 23495 | Snake:2  | Found a frozen archway.
 23536 | IceCv    | Entered an ice cave
 23595 | IceCv    | Reached skill level 16 in Unarmed Combat
 24431 | Snake:2  | Received a gift from Okawaru
 24448 | Snake:2  | Got pitted quicksilver dragon scales {god gift}
 24493 | Snake:2  | Identified the quicksilver dragon scales of Famur {god gift, -Tele rF++ MR+} (Okawaru gifted it to you on level 2 of the Snake Pit)
 25913 | Snake:2  | Shot with a bolt by a naga sharpshooter

Vault maps used:
D:1:      lemuel_arrival_funnel, minmay_misc_feat_cross
D:2:      bloody_trog
D:3:      kennysheep_slug_shrine, grunt_ministairs_7, lemuel_flame_loot_1
D:5:      first_bread, kennysheep_okawaru_gauntlet
D:6:      nicolae_dithmenos_the_darkroom, minmay_misc_feat_x,
          minmay_item_behind_shaft, uniq_duvessa
D:7:      kennysheep_mini_moat, tso_altar,
          minmay_temple_entry_statues_fountains, the_bakery
D:8:      lemuel_doored_altar, lemuel_round_altar, basic_altar,
          lemuel_mausoleum_altar_yredelemnul
D:9:      nicolae_overflow_crystal_walls, tgw_fedhas, serial_shops,
          nicolae_shop_statue_plus, nrook_guardian_serpent_ordinary
D:10:     zombieorc1_lemuel
D:11:     dpeg_lair_monsters
D:12:     uniq_snorg, uniq_rupert
D:14:     lightli_vaults_fourway_checkpoint, minmay_misc_feat_rows, special_room
D:15:     hangedman_depths_entry_try_elsewhere_first, serial_bayou_lagoon_a,
          minmay_statues_item, nicolae_ru_awakened_eye
Lair:1:   basic_altar
Lair:2:   minmay_lair_venomous_thicket, guppyfry_snake_entry_island,
          hangedman_lair_generics_rect, uniq_harold
Lair:3:   elwin_shoals_entry_rocks
Lair:5:   dpeg_slime_entry_enclosed_altar, minmay_stone_trees_small,
          grunt_megastairs_1
Lair:6:   guppyfry_lair_end_dragon, serial_bayou_shore_b
Snake:1:  spider_trap, nicolae_snake_horde_hoard, minmay_shop_star,
          serial_bayou_shore_a
Snake:2:  portal_ice_cave_entry_pillars_three, serial_bayou_shore_b,
          basic_stair_grate_trap
Snake:3:  st_stairs_4, nicolae_snake_biting_tails, grunt_ministairs_15,
          abandoned_shop, minmay_shop_grid_forest, spider_trap, evilmike_ambush
Orc:2:    st_orc_open, mines1_david
IceCv:    ice_cave_tombish

Skill      XL: |  1  2  3  4  5  6  7  8  9 10 11 12 13 14 15 16 |
---------------+-------------------------------------------------+-----
Unarmed Combat | 1 2 3 4 6 7 9 11 12 13 15 16 | 16.9
Fighting       | 6 9 10 | 10.0
Throwing       | 3 6 9 |  9.8
Armour         | 4 5 |  5.0
Dodging        | 4 7 8 |  8.2
Slings         | 1 3 5 |  5.0
Invocations    | 5 7 8 |  8.1
Shields        | 1 5 8 10 | 10.8
Long Blades    | |  1.7
Maces & Flails | |  1.0
Stealth        | |  1.0

Action                   |  1- 3 |  4- 6 |  7- 9 | 10-12 | 13-15 | 16-18 || total
-------------------------+-------+-------+-------+-------+-------+-------++-------
Melee: Falchion          |   125 |   127 |       |       |       |       ||   252
       Punch             |     1 |     1 |    10 |    43 |    31 |       ||    86
       Unarmed           |       |    57 |   281 |   644 |  1534 |   408 ||  2924
 Fire: Fustibalus        |       |       |       |    31 |   125 |    24 ||   180
Throw: Large rock        |       |       |       |    29 |    64 |     4 ||    97
       Throwing net      |       |       |       |     3 |       |       ||     3
       Javelin           |       |       |       |     1 |       |       ||     1
Invok: Heroism           |       |       |     2 |    16 |    19 |     9 ||    46
       Finesse           |       |       |       |     3 |    12 |     5 ||    20
Evoke: Wand              |       |       |       |       |     3 |       ||     3
       Lamp of fire      |       |       |       |       |       |     1 ||     1
       Box of beasts     |       |       |       |       |       |     1 ||     1
  Use: Scroll            |       |     4 |     5 |    12 |    21 |     1 ||    43
       Potion            |       |     2 |     2 |     5 |     2 |     1 ||    12
 Stab: Sleeping          |     1 |     1 |     4 |     4 |     1 |       ||    11
       Held in net/web   |       |       |       |     1 |       |       ||     1
       Distracted        |       |       |       |       |     2 |       ||     2
  Eat: Chunk             |    15 |    14 |    31 |    63 |   100 |    15 ||   238
       Royal jelly       |       |       |       |       |       |     4 ||     4
Armor: Robe              |    69 |    66 |    46 |   158 |       |       ||   339
       Skin              |       |    20 |     1 |     3 |       |       ||    24
       Troll leather arm |       |       |       |    26 |   287 |    59 ||   372
Dodge: Dodged            |    86 |    92 |   104 |   335 |   740 |   212 ||  1569
Block: Large shield      |       |       |       |       |   813 |   477 ||  1290
       Rpst.: Falchion   |    21 |    19 |       |       |       |       ||    40
